 Dungeon Crawl Stone Soup version 0.31-a0-460-g9e667d4245 (webtiles) character file.

Game seed: 17567051704812807724

101 LeprechaunX the Ruffian (level 4, -3/29 HPs)
             Began as an Octopode Shapeshifter on Aug 4, 2023.
             Slain by an orc priest
             ... wielding a +0 trident
              (10 damage)
             ... on level 3 of the Dungeon.
             The game lasted 00:01:28 (1806 turns).

LeprechaunX the Ruffian (Octopode Shapeshifter)     Turns: 1806, Time: 00:01:29

Health: -3/29      AC:  1    Str: 16    XL:     4   Next: 75%
Magic:  4/4        EV: 13    Int: 10    God:
Gold:   103        SH:  0    Dex: 12    Spells: 3/3 levels left

rFire   . .          .
                       - Unarmed
rCold   + . .        (no shield)
rNeg    . . .        (helmet currently unavailable)
rPois   .            (no amulet)
rElec   .            i - ring of protection from cold
rCorr   .            (no ring)
SInv    .            (no ring)
Will    .....        (no ring)
Stlth   ++           (no ring)
HPRegen 0.24/turn    (no ring)
MPRegen 0.09/turn    (no ring)
                     (no ring)

%: no passive effects
@: beast-form
A: beast (slay +2), almost no armour, amphibious, 8 rings, camouflage 1,
gelatinous body 1, (nimble swimmer 1), tentacles
a: Begin Untransformation


You were on level 3 of the Dungeon.
You were a hulking beast.
You visited 1 branch of the dungeon, and saw 3 of its levels.

You collected 103 gold pieces.

Inventory:

Armour
 l - a +0 buckler
Jewellery
 i - a ring of protection from cold (left tentacle)
Talismans
 b - a beast talisman (active)
Scrolls
 c - a scroll of fog {unknown}
 e - a scroll of vulnerability {unknown}
 g - 3 scrolls of identify {unknown}
 h - a scroll of noise {unknown}
 k - a scroll of summoning {unknown}
 m - a scroll of immolation {unknown}
Potions
 a - a potion of lignification
 d - 2 potions of cancellation {unknown}
 f - a potion of curing {unknown}
 j - 2 potions of brilliance {unknown}
 n - a potion of ambrosia {unknown}
 o - a potion of heal wounds {unknown}
 p - a potion of experience {unknown}


   Skills:
 + Level 2.1 Fighting
 + Level 2.7 Dodging
 * Level 4.0 Unarmed Combat
 + Level 3.3 Shapeshifting


You had 3 spell levels left.
You didn't know any spells.
Your spell library contained the following spells:

 Spells                   Type           Power      Damage    Failure   Level
 Blink                    Tloc           0%         N/A       50%         2
 Lesser Beckoning         Tloc           0%         N/A       50%         2
 Momentum Strike          Conj/Tloc      0%         3d8       50%         2
 Poisonous Vapours        Pois/Air       0%         N/A       50%         2
 Mephitic Cloud           Conj/Pois/Air  0%         N/A       75%         3
 Freezing Cloud           Conj/Ice/Air   0%         6-21      100%        5


Dungeon Overview and Level Annotations

Branches:
Dungeon (3/15)

Altars:


Innate Abilities, Weirdness & Mutations

You are a hulking beast.
Your limbs bulge with bestial killing power. (Slay +2)
You cannot wear most types of armour.
You are amphibious.
You can wear up to eight rings at the same time.
Your skin changes colour to match your surroundings (Stealth+).
Your rubbery body absorbs attacks. (AC +1, EV +1)
((You are camouflaged when in or above water. (Stealth+)))
You have tentacles for arms and can constrict up to eight enemies at once.


Message History

3 orcs come into view.
An orc comes into view. It is wielding a +0 short sword.
The orc moves out of view.
The orc shouts!
You bludgeon the orc!
You kill the orc!
You hear a shout!
The orc priest hits you from afar with a +0 trident!
The orc misses you. The orc priest barely misses you.
Things that are here:
a +0 club; an orc corpse You bludgeon the orc priest!
Your grab misses the orc priest.
You squeeze the orc priest, but do no damage.
The orc priest is heavily wounded.
The orc misses you.
The orc priest mumbles some strange prayers to Beogh against you.
Pain shoots through your body! The orc hits you with a +0 mace.
You are too injured to fight recklessly!
Unknown command.
The orc attacks as you move away! The orc closely misses you.
The orc priest attacks as you move away!
The orc priest hits you with a +0 trident.
* * * LOW HITPOINT WARNING * * *
The orc closely misses you. The orc priest misses you.
Unknown command.
The orc priest casts a cantrip, but nothing happens.
You tentacle-slap the orc. You grab the orc.
The orc is lightly wounded.
You constrict the orc. The orc barely misses you.
The orc priest miscasts a cantrip.
You tentacle-slap the orc.
The orc is almost dead.
You constrict the orc.
You kill the orc!
You tentacle-slap the orc. You grab the orc. You squeeze the orc.
You kill the orc!
You tentacle-slap the orc. You grab the orc. You tentacle-slap the orc.
You kill the orc!
The orc priest hits you with a +0 trident!
You die...

### #..
###############
#.#
#...)oh...)...#
#.#
#....########.#
#####.# #....#
#.# #.....#
#....#
#.###.#....
#.####
#.....#.#.. #.
#######.#.# .
.>#.# ## ##.#.#
#.#.#


You could see an orc priest.

Vanquished Creatures
  Terence (D:2)
  2 adders (D:2)
  2 dart slugs (D:2)
  4 orcs (D:3)
  2 bats (D:1)
  5 endoplasms
  2 giant cockroaches
  2 goblins (D:2)
  4 hobgoblins
  2 jackals (D:1)
  5 kobolds
  3 quokkas (D:2)
  8 ball pythons
  2 frilled lizards (D:1)
  3 rats
47 creatures vanquished.

Notes
Turn   | Place    | Note
-------+----------+-------------------------------------------
     0 | D:1      | LeprechaunX the Octopode Shapeshifter began the quest for
                  | the Orb.
     0 | D:1      | Reached XP level 1. HP: 13/13 MP: 1/1
    15 | D:1      | Noticed a minotaur skeleton
   374 | D:1      | Reached XP level 2. HP: 18/18 MP: 2/2
   823 | D:2      | Reached XP level 3. HP: 17/23 MP: 3/3
  1145 | D:2      | Found a faded altar of an unknown god.
  1290 | D:2      | Reached XP level 4. HP: 27/29 MP: 4/4
  1406 | D:2      | Noticed Terence
  1413 | D:2      | Killed Terence
  1414 | D:2      | Reached skill level 4 in Unarmed Combat
  1806 | D:3      | Slain by an orc priest

Illustrated notes

Levels and vault maps discovered:
D:1:      shiori_arrival_whats_in_store_for_you, layout_loops_ring,
          serial_glass, glass_columns_b, glass_columns_a,
          dreamdust_mushroom_princess, minmay_shallow_snake_nest
D:2:      layout_loops_ring, serial_rivers, chequers_serial_rivers_micro_a,
          chequers_serial_rivers_room_b, chequers_serial_rivers_large_b,
          chequers_serial_rivers_micro_b, chequers_serial_rivers_micro_d,
          hellmonk_ecumenical_altar_pennies_from_heaven, uniq_terence
D:3:      layout_basic, serial_shops, shop, uniq_natasha

Skill      XL: |  1  2  3  4 |
---------------+-------------+-----
Fighting       | 2 |  2.1
Unarmed Combat | 4 |  4.0
Dodging        | |  2.7
Shapeshifting  | |  3.3

Action                     |  1- 3 |  4- 6 || total
---------------------------+-------+-------++-------
  Melee: Unarmed           |    67 |    21 ||    88
         Constrict         |    13 |     7 ||    20
         Tentacles         |     8 |     7 ||    15
         Punch             |       |     2 ||     2
   Stab: Sleeping          |     7 |     1 ||     8
 Armour: Skin              |     6 |       ||     6
  Dodge: Dodged            |    33 |    16 ||    49

Table legend: (Time is in decaauts)
 A = Elapsed time spent in this place.
 B = Non-inter-level travel time spent in this place.
 C = Inter-level travel time spent in this place.
 D = Time resting spent in this place.
 E = Time spent auto-exploring this place.
 F = Levels seen in this place.
 G = Mean time per level.
                   A        B        C        D        E       F      G
               +--------+--------+--------+--------+--------+-----+--------+
         Total |   1799 |   1768 |     31 |      0 |   1513 |   3 |  599.7 |
       Dungeon |   1799 |   1768 |     31 |      0 |   1513 |   3 |  599.7 |
               +--------+--------+--------+--------+--------+-----+--------+

Top non-repeatable levels by time:
     D:2: 978 daAuts
     D:1: 744 daAuts
     D:3: 76 daAuts
